 Dungeon Crawl Stone Soup version 0.32-a0-675-gdc239d62e1 (webtiles) character file.

Game seed: 17961091214582102249

41 Shayle the Apothecary (level 3, -5/24 HPs)
             Began as a Coglin Alchemist on Mar 11, 2024.
             Slain by a gnoll
             ... wielding a +0 flail
              (12 damage)
             ... on level 3 of the Dungeon.
             The game lasted 00:03:57 (1814 turns).

Shayle the Apothecary (Coglin Alchemist)            Turns: 1814, Time: 00:03:58

Health: -5/24      AC:  2    Str:  8    XL:     3   Next: 52%
Magic:  3/6        EV: 12    Int: 16    God:
Gold:   189        SH:  0    Dex: 14    Spells: 5/6 levels left

rFire   . . .        c - +0 dagger {Milos}
rCold   . . .        g - +0 spear {Azuma}
rNeg    . . .        a - +0 robe
rPois   .            (no helmet)
rElec   .            (no cloak)
rCorr   .            (no gloves)
SInv    .            (no boots)
Will    .....        (amulet unavailable)
Stlth   ++           (ring unavailable)
HPRegen 0.24/turn    (ring unavailable)
MPRegen 0.10/turn    (no gizmo)

%: no passive effects
@: attractive, hasted, revving, very quick
A: off-hand wielding, slow wielding, warmup strikes, no jewellery
a: Invent Gizmo


You were on level 3 of the Dungeon.
You visited 1 branch of the dungeon, and saw 3 of its levels.

You collected 189 gold pieces.

Inventory:

Hand Weapons
 c - a +0 dagger (weapon) {Milos}
 g - a +0 spear (offhand) {Azuma}
 m - a +0 whip
Armour
 a - a +0 robe (worn)
Scrolls
 d - a scroll of silence {unknown}
 e - 3 scrolls of teleportation {unknown}
 h - a scroll of blinking {unknown}
 k - a scroll of amnesia {unknown}
 l - a scroll of acquirement {unknown}
Potions
 b - a potion of magic


   Skills:
 + Level 2.3 Dodging
 - Level 1.5 Stealth
 + Level 2.2 Spellcasting
 + Level 1.6 Conjurations
 + Level 3.7 Alchemy


You had 5 spell levels left.
You knew the following spells:

 Your Spells              Type           Power      Damage    Failure   Level
a - Sting                 Conj/Alch      40%        1d5       7%          1

Your spell library contained the following spells:

 Spells                   Type           Power      Damage    Failure   Level
 Mercury Vapours          Alch/Air       14%        N/A       14%         2
 Mephitic Cloud           Conj/Alch/Air  7%         N/A       28%         3
 Olgreb's Toxic Radiance  Alch           13%        N/A       41%         4
 Sticky Flame             Fire/Alch      7%         2d4       67%         4


Dungeon Overview and Level Annotations

Branches:
Dungeon (3/15)

Altars:


Innate Abilities, Weirdness & Mutations

You can wield a second weapon in your off-hand.
It takes a long time for you to wield or remove held weapons.
Your first few attacks do less damage.
You cannot equip rings or amulets.


Message History

Aiming: Sting (safe; 7% risk of failure)
Press: ? - help, Shift-Dir - straight line, f/p - gnoll
Aim: a gnoll, wielding a +0 spear (75% to hit)
The sting hits the gnoll.
The gnoll is poisoned.
The gnoll is moderately wounded.
The gnoll hits you from afar with a +0 spear.
The gnoll looks more healthy.
The gnoll hits you from afar with a +0 spear.
The gnoll hits you from afar with a +0 spear!
It was a potion of attraction.
You feel attractive to monsters. The gnoll closely misses you.
The gnoll is attracted toward you. x2
It was a potion of haste.
You feel yourself speed up. The gnoll is attracted toward you.
The gnoll hits you from afar with a +0 spear.
* * * LOW HITPOINT WARNING * * *
It was a potion of curing.
You feel better. The gnoll barely misses you.
The gnoll hits you from afar with a +0 spear.
* * * LOW HITPOINT WARNING * * *
Okay, then.
Casting: Sting (safe; 7% risk of failure)
Confirm with . or Enter, or press ? or * to list all spells.
Aiming: Sting (safe; 7% risk of failure)
Press: ? - help, Shift-Dir - straight line, f/p - gnoll
Aim: a gnoll, wielding a +0 spear (almost dead, 75% to hit)
The sting misses the gnoll. x2
Casting: Sting (safe; 7% risk of failure)
Confirm with . or Enter, or press ? or * to list all spells.
Aiming: Sting (safe; 7% risk of failure)
Press: ? - help, Shift-Dir - straight line, f/p - gnoll
Aim: a gnoll, wielding a +0 spear (almost dead, 75% to hit)
The sting hits the gnoll.
The gnoll is poisoned.
The gnoll is moderately wounded.
The gnoll closely misses you. x2
Unknown command.
You hit the gnoll but do no damage.
The gnoll is moderately wounded.
You hit the gnoll with your +0 spear. The gnoll hits you with a +0 flail!
Ouch! That really hurt!
You die...

# #+# #.# # #.# #.# #
#.###########.# #
##.##........#.#
##...#.######.#.# #
###......######.#.#
####..............ยง..#
.....###.##.######.###
###### #.##.....@gg# #
#.########### #.# #.#
#.#


You could see 2 gnolls.

Vanquished Creatures
  An adder (D:2)
  2 ball pythons
  3 bats
  6 endoplasms
  2 giant cockroaches
  A goblin (D:1)
  2 hobgoblins
  3 kobolds
  A quokka (D:2)
  3 frilled lizards
  5 rats
29 creatures vanquished.

Notes
Turn   | Place    | Note
-------+----------+-------------------------------------------
     0 | D:1      | Shayle the Coglin Alchemist began the quest for the Orb.
     0 | D:1      | Reached XP level 1. HP: 13/13 MP: 3/3
   170 | D:1      | Reached skill level 1 in Conjurations
   632 | D:1      | Reached XP level 2. HP: 19/19 MP: 1/4
  1274 | D:2      | Reached XP level 3. HP: 24/24 MP: 4/6
  1814 | D:3      | Slain by a gnoll

Illustrated notes

Levels and vault maps discovered:
D:1:      nagdon_arrival_double_spiral, layout_loops_ring,
          dreamdust_princess_bridge
D:2:      layout_rooms
D:3:      layout_loops_corners, serial_shops, nicolae_shop_pleasant_corner_grove

Skill      XL: |  1  2 |
---------------+-------+-----
Conjurations   | 1 |  1.6
Dodging        | 2 |  2.3
Spellcasting   | 2 |  2.2
Stealth        | |  1.5
Alchemy        | |  3.7

Action                     || total
---------------------------++-------
  Melee: Unarmed           ||     7
         Dagger            ||    28
         Spear             ||    29
   Cast: Sting             ||    33
    Use: Potion            ||     3
   Stab: Sleeping          ||     1
 Armour: Robe              ||    33
  Dodge: Dodged            ||    33

Table legend: (Time is in decaauts)
 A = Elapsed time spent in this place.
 B = Non-inter-level travel time spent in this place.
 C = Inter-level travel time spent in this place.
 D = Time resting spent in this place.
 E = Time spent auto-exploring this place.
 F = Levels seen in this place.
 G = Mean time per level.
                   A        B        C        D        E       F      G
               +--------+--------+--------+--------+--------+-----+--------+
         Total |   1815 |   1708 |    107 |     51 |   1307 |   3 |  605.0 |
       Dungeon |   1815 |   1708 |    107 |     51 |   1307 |   3 |  605.0 |
               +--------+--------+--------+--------+--------+-----+--------+

Top non-repeatable levels by time:
     D:1: 1023 daAuts
     D:2: 656 daAuts
     D:3: 134 daAuts
